 Dungeon Crawl Stone Soup version 0.19-a0-1058-g5566a1a (webtiles) character file.

50 Jmtri7 the Changer (level 3, 0/23 HPs)
             Began as an Octopode Transmuter on Aug 2, 2016.
             Succumbed to an adder's poison
             ... on level 2 of the Dungeon.
             The game lasted 00:03:34 (1221 turns).

Jmtri7 the Changer (Octopode Transmuter)            Turns: 1221, Time: 00:03:35

Health: 0/23       AC:  1    Str: 10    XL:     3   Next: 79%
Magic:  5/6        EV: 13    Int: 15    God:
Gold:   73         SH:  0    Dex: 12    Spells: 2 memorised, 2 levels left

rFire  . . .     SeeInvis .       - Unarmed
rCold  . . .     Gourm    .     (no shield)
rNeg   . . .     Faith    .     (helmet restricted)
rPois  .         Spirit   .     h - amulet of magic regeneration
rElec  .         Dismiss  .     (no ring)
rCorr  .         Reflect  .     (no ring)
SustAt .         Harm     .     (no ring)
MR     .....                    (no ring)
Stlth  ++........               (no ring)
                                (no ring)
                                (no ring)
                                (no ring)

@: lethally poisoned (0 -> -5), appendage, not resistant to hostile
enchantments, unstealthy
A: almost no armour, amphibious, 8 rings, constrict 8, tentacle spike 3,
camouflage 1, gelatinous body 1
a: End Transformation


You were on level 2 of the Dungeon.
You were not hungry.
One of your tentacles had a temporary spike.
You visited 1 branch of the dungeon, and saw 2 of its levels.

You collected 73 gold pieces.

Inventory:

Missiles
 a - 97 arrows
Jewellery
 h - an amulet of magic regeneration (around mantle)
 m - an uncursed amulet of guardian spirit
Scrolls
 e - 2 scrolls of identify {unknown}
 f - 2 scrolls of noise {unknown}
 j - a scroll of amnesia {unknown}
 k - a scroll of magic mapping {unknown}
 l - a scroll of blinking {unknown}
 o - a scroll of fear {unknown}
 p - a scroll of enchant weapon {unknown}
 q - 2 scrolls of remove curse {unknown}
Potions
 i - a potion of cancellation {unknown}
Books
 b - a book of Changes

   Spells                             Type                      Level
   a - Beastly Appendage              Transmutation                1
   b - Sticks to Snakes               Transmutation                2
   c - Spider Form                    Transmutation/Poison         3
   d - Ice Form                       Ice/Transmutation            4
   e - Blade Hands                    Transmutation                5
Comestibles
 c - a bread ration
 d - 2 chunks of flesh
 g - a beef jerky
 n - a royal jelly


   Skills:
 - Level 1.0 Fighting
 - Level 2.0 Dodging
 - Level 3.0 Unarmed Combat
 - Level 2.0 Spellcasting
 + Level 4.0 Transmutations


You had 2 spell levels left.
You knew the following spells:

 Your Spells              Type           Power        Failure   Level  Hunger
a - Beastly Appendage     Tmut           ##....       4%          1    #......
b - Spider Form           Tmut/Pois      #.........   30%         3    ###....


Dungeon Overview and Level Annotations

Branches:
Dungeon (2/15)

Altars:
The Shining One


Innate Abilities, Weirdness & Mutations

You cannot wear most types of armour.
You are amphibious.
You can wear up to eight rings at the same time.
You can use your tentacles to constrict eight enemies at once.
Your skin changes colour to match your surroundings (Stealth+).
Your rubbery body absorbs attacks. (AC +1, EV +1)
One of your tentacles bears a large vicious spike.


Message History

You squeeze the hobgoblin.
You kill the hobgoblin!
The jackal closely misses you.
You tentacle-slap the jackal but do no damage.
You grab the jackal.
You constrict the jackal, but do no damage.
You feel sick. The jackal bites you.
* * * LOW HITPOINT WARNING * * *
You completely miss the jackal. You constrict the jackal.
The jackal barely misses you.
Casting: Beastly Appendage
Confirm with . or Enter, or press ? or * to list all spells.
You extend your transformation's duration.
You constrict the jackal, but do no damage.
The jackal bites you.
* * * LOW HITPOINT WARNING * * *
The jackal bites you.
* * * LOW HITPOINT WARNING * * *
You release your grip on the jackal.
You die...

###############
#.............#
#@###########.### #.#
#...# #h# ###.# #h#
#.# ... ###########.##
....#.......>......
h....# #......###.
[.....# #..<.......
...##+##.###......###.


You could see 2 jackals.

Vanquished Creatures
  An adder (D:2)
  2 dart slugs (D:1)
  A ball python (D:1)
  6 bats (D:1)
  2 giant cockroaches (D:1)
  6 goblins (D:1)
  5 hobgoblins
  2 jackals (D:1)
  4 kobolds (D:1)
  2 rats
31 creatures vanquished.

Notes
Turn   | Place    | Note
-------+----------+-------------------------------------------
     0 | D:1      | Jmtri7 the Octopode Transmuter began the quest for the Orb.
     0 | D:1      | Reached XP level 1. HP: 13/13 MP: 3/3
   199 | D:1      | Found a glowing golden altar of the Shining One.
   357 | D:1      | Reached XP level 2. HP: 10/18 MP: 5/5
   511 | D:1      | Reached skill level 3 in Transmutations
   863 | D:1      | Reached XP level 3. HP: 23/23 MP: 6/6
   978 | D:1      | Learned a level 3 spell: Spider Form
  1214 | D:2      | Reached skill level 4 in Transmutations
  1220 | D:2      | HP: 1/23 [jackal (3)]
  1221 | D:2      | Succumbed to an adder's poison

Vault maps used:
D:1:      minmay_arrival_arboretum_small, tso_metal_star
D:2:      lemuel_upstairs_altar, marbit_many_paths

Skill      XL: |  1  2  3 |
---------------+----------+-----
Transmutations | 3 4 |  4.0
Fighting       | |  1.0
Dodging        | |  2.0
Unarmed Combat | |  3.0
Spellcasting   | |  2.0

Action                   || total
-------------------------++-------
Melee: Unarmed           ||    73
       Tentacles         ||     8
       Constrict         ||    18
       Kick              ||    10
       Punch             ||     1
 Cast: Beastly Appendage ||    12
  Eat: Chunk             ||     1
Armor: Skin              ||    20
Dodge: Dodged            ||    62
